 Dungeon Crawl Stone Soup version 0.29.1-12-g30fa7ad0bf (webtiles) character file.

Game seed: 1722631380870399200

54 wormed the Trooper (level 3, 0/20 HPs)
             Began as a Vine Stalker Fighter on Dec 22, 2022.
             Slain by an iguana (8 damage)
             ... on level 4 of the Dungeon.
             The game lasted 00:03:30 (2191 turns).

wormed the Trooper (Vine Stalker Fighter)           Turns: 2191, Time: 00:03:30

Health: 0/20       AC:  6    Str: 20    XL:     3   Next: 91%
Magic:  0/4        EV:  9    Int:  8    God:
Gold:   102        SH:  4    Dex: 13    Spells: 2/2 levels left

rFire   + . .      SeeInvis .   a - +0 flail
rCold   . . .      Faith    .   c - +0 buckler
rNeg    . . .      Spirit   +   b - +0 scale mail
rPois   .          Reflect  .   (no helmet)
rElec   .          Harm     .   (no cloak)
rCorr   +          Rampage  .   (no gloves)
Will    .....                   (no boots)
Stlth   ..........              e - amulet of regeneration
HPRegen 0.86/turn               j - ring of resist corrosion
MPRegen 0.09/turn               q - ring of protection from fire

@: no status effects
A: fangs 2, magic shield, antimagic bite, no potion heal 2
a: no special abilities


You were on level 4 of the Dungeon.
You visited 1 branch of the dungeon, and saw 4 of its levels.

You collected 102 gold pieces.

Inventory:

Hand Weapons
 a - a +0 flail (weapon)
Armour
 b - a +0 scale mail (worn)
 c - a +0 buckler (worn)
Jewellery
 e - an amulet of regeneration (around neck)
 j - a ring of resist corrosion (left hand)
 q - a ring of protection from fire (right hand)
 s - a ring of willpower
Wands
 k - a wand of quicksilver (12)
 p - a wand of polymorph (4)
Scrolls
 i - 2 scrolls of fear {unknown}
 m - a scroll of acquirement {unknown}
 r - a scroll of identify {unknown}
 t - a scroll of torment {unknown}
 u - a scroll of enchant weapon {unknown}
Potions
 d - a potion of might
 f - a potion of ambrosia {unknown}
 g - a potion of invisibility {unknown}
 h - 3 potions of mutation {unknown}
 l - a potion of brilliance {unknown}
 n - a potion of resistance {unknown}
 o - 2 potions of curing {unknown}


   Skills:
 + Level 3.1 Fighting
 * Level 2.7 Maces & Flails
 + Level 2.7 Armour
 + Level 3.0 Shields


You had 2 spell levels left.
You didn't know any spells.
Your spell library contained the following spells:

 Spells                   Type           Power      Damage    Failure   Level
 Beastly Appendage        Tmut           0%         N/A       86%         1
 Wereblood                Tmut           0%         N/A       94%         2
 Spider Form              Tmut/Pois      0%         N/A       99%         3


Dungeon Overview and Level Annotations

Branches:
Dungeon (4/15)
 Temple: D:4-7

Altars:
Makhleb


Innate Abilities, Weirdness & Mutations

You have extremely sharp teeth.
When hurt, damage is shared between your health and your magic reserves.
Your bite disrupts and absorbs the magic of your enemies.
Potions cannot restore your health.


Message History

Things that are here:
a ball python skeleton; a jackal skeleton; a jackal skeleton You see here a jackal skeleton.
You see here a jackal skeleton.
Things that are here:
a ball python skeleton; a jackal skeleton; a jackal skeleton You see here a bat corpse.
You see here a dart slug corpse.
There is a stone staircase leading down here.
There is an open door here.
Done exploring.
Done exploring.
There is a stone staircase leading down here.
You climb downwards.
The iguana hisses angrily.
Found 2 metallic emerald potions.
There is a stone staircase leading up here.
The iguana barely misses you.
You closely miss the iguana. Your bite misses the iguana.
The iguana barely misses you.
You barely miss the iguana. The iguana barely misses you.
You hit the iguana.
The iguana is lightly wounded.
The iguana bites you!
You hit the iguana.
The iguana is moderately wounded.
The iguana bites you but does no damage.
The iguana bites you!
* * * LOW HITPOINT WARNING * * *
You are too injured to fight recklessly!
You are too injured to fight recklessly!
You are too injured to fight recklessly!
You are too injured to fight recklessly!
You are too injured to fight recklessly!
You are too injured to fight recklessly!
You are too injured to fight recklessly!
The iguana attacks as you move away! The iguana barely misses you.
There is a stone staircase leading up here.
The iguana bites you!
You die...

# #. # . #.. .#
..
+#...#####.#.##.
..............!.
#..@l.......
#....#......
####.# ..... ...
.... ..#. ###
.#.... .#.# ##
..#.#


You could see an iguana.

Vanquished Creatures
  2 dart slugs
  3 orcs (D:3)
  2 ball pythons
  4 endoplasms
  2 giant cockroaches
  3 goblins
  6 hobgoblins
  4 jackals (D:3)
  6 kobolds
  5 bats
  2 frilled lizards (D:3)
  5 rats
44 creatures vanquished.

Notes
Turn   | Place    | Note
-------+----------+-------------------------------------------
     0 | D:1      | wormed the Vine Stalker Fighter began the quest for the
                  | Orb.
     0 | D:1      | Reached XP level 1. HP: 11/11 MP: 2/2
   246 | D:1      | Reached XP level 2. HP: 16/16 MP: 3/3
  1089 | D:2      | Reached XP level 3. HP: 19/19 MP: 4/4
  1891 | D:3      | Found a burning altar of Makhleb.
  2191 | D:4      | Slain by an iguana

Illustrated notes

Levels and vault maps discovered:
D:1:      nicolae_arrival_somewhat_less_tricky_arrival, layout_basic,
          patterned_corridor
D:2:      layout_loops_ring, kennysheep_donut
D:3:      layout_rooms, general_overflow_altar
D:4:      layout_basic, dreamdust_princess_bridge

Skill      XL: |  1  2  3 |
---------------+----------+-----
Maces & Flails | 2 |  2.7
Shields        | 3 |  3.0
Fighting       | 3 |  3.1
Armour         | |  2.7

Action                   || total
-------------------------++-------
Melee: Flail             ||   112
       Bite              ||    22
Armor: Scale mail        ||    51
Dodge: Dodged            ||    57
Block: Buckler           ||    34
